 Dungeon Crawl Stone Soup version 0.24.0-10-g970556be89 (webtiles) character file.

Game seed: 2554322464812300847, levelgen mode: deterministic

60 Esekla the Vexing (level 4, 0/34 HPs)
             Began as a Barachi Enchanter on Nov 3, 2019.
             Slain by an orc wizard
             ... wielding a +0 dagger
              (2 damage)
             ... on level 4 of the Dungeon.
             The game lasted 00:06:18 (929 turns).

Esekla the Vexing (Barachi Enchanter)                Turns: 929, Time: 00:06:19

Health: 0/34       AC:  3    Str: 10    XL:     4   Next: 6%
Magic:  6/7        EV: 13    Int: 16    God:
Gold:   69         SH:  0    Dex: 12    Spells: 1/8 levels left

rFire    . . .     SeeInvis .   a - +1 dagger
rCold    . . .     Gourm    .   (no shield)
rNeg     . . .     Faith    .   b - +0 robe
rPois    .         Spirit   .   (no helmet)
rElec    .         Reflect  .   c - scarf {repulsion}
rCorr    .         Harm     .   e - +0 pair of gloves
MR       .....                  (no boots)
Stlth    ++........             (no amulet)
HPRegen  0.11/turn              (no ring)
MPRegen  0.10/turn              (no ring)

@: repel missiles, slow
A: +LOS, swims, slowness 1, strong legs 1
a: Hop


You were on level 4 of the Dungeon.
You were hungry.

You visited 1 branch of the dungeon, and saw 4 of its levels.

You collected 69 gold pieces.

Inventory:

Hand Weapons
 a - a +1 dagger (weapon)
Armour
 b - a +0 robe (worn)
 c - a scarf of repulsion (worn)
 e - a +0 pair of gloves (worn)
Jewellery
 i - an uncursed ring of ice
Scrolls
 f - 4 scrolls of amnesia {unknown}
 h - a scroll of remove curse {unknown}
Potions
 j - 2 potions of curing
Comestibles
 d - 2 rations


   Skills:
 * Level 2.4 Fighting
 + Level 2.3 Short Blades
 + Level 2.9 Dodging
 - Level 2.6 Stealth
 + Level 2.5 Spellcasting
 - Level 3.2 Hexes


You had one spell level left.
You knew the following spells:

 Your Spells              Type           Power        Failure   Level  Hunger
a - Corona                Hex            ##.....      4%          1    #......
b - Tukima's Dance        Hex            ##......     16%         3    ###....
d - Dazzling Spray        Conj/Hex       #.....       30%         3    ###....

Your spell library contained the following spells:

 Spells                   Type           Power        Failure   Level  Hunger
 Ensorcelled Hibernation  Hex/Ice        #.....       16%         2    ##.....
 Confuse                  Hex            ##......     16%         3    ###....


Dungeon Overview and Level Annotations

Branches:
Dungeon (5/15)
 Temple: D:4-7

Altars:
Okawaru


Innate Abilities, Weirdness & Mutations

Shadows flee at your approach. (+LOS)
You can swim through water.
You cover ground slowly.
You can hop short distances.


Message History

A puff of flame appears from out of thin air!
The puff of flame hits you.
* * * LOW HITPOINT WARNING * * *
A magic dart appears from out of thin air!
The magic dart hits you!
* * * LOW HITPOINT WARNING * * *
You hear some strange, mumbled words.
The orc wizard points at you and mumbles some strange words.
The magic dart hits something.
Your magical contamination has completely faded away.
An adder comes into view.
The orc wizard mumbles some strange words.
The orc wizard blinks!
Something barely misses you.
As you read the scroll labeled ZAFU KADUIXILO, it crumbles to dust.
It is a scroll of identify.
j - 2 potions of curing You hear some strange, mumbled words.
A puff of flame appears from out of thin air!
The puff of flame is repelled.
Something hits you.
You die...

### ##.##
###...###
#.{..o..##
#@..ยง....#
#........##.#
#...#.....#
#.#
#...#########
#.. #..## .o.
... .>.. S.
..?. . ....
...


You could see an orc wizard and an adder (sleeping).

Vanquished Creatures
  A hound (D:5)
  An adder skeleton (D:4)
  A dart slug (D:2)
  An orc (D:5)
  2 ball pythons (D:1)
  2 giant cockroaches
  4 goblins (D:1)
  A hobgoblin (D:1)
  3 jackals (D:1)
  3 kobolds (D:1)
  5 rats
24 creatures vanquished.

Notes
Turn   | Place    | Note
-------+----------+-------------------------------------------
     0 | D:1      | Esekla the Barachi Enchanter began the quest for the Orb.
     0 | D:1      | Reached XP level 1. HP: 13/13 MP: 3/3
    42 | D:1      | Reached skill level 1 in Fighting
   271 | D:1      | Reached XP level 2. HP: 21/21 MP: 5/5
   796 | D:2      | Reached XP level 3. HP: 27/27 MP: 6/6
   847 | D:2      | You fall into a shaft and drop 2 floors!
   865 | D:5      | Entered Level 5 of the Dungeon
   868 | D:5      | Found an iron altar of Okawaru.
   875 | D:5      | Reached XP level 4. HP: 29/34 MP: 7/7
   893 | D:4      | Learned a level 3 spell: Dazzling Spray
   897 | D:4      | Learned a level 3 spell: Tukima's Dance
   929 | D:4      | Slain by an orc wizard

Levels and vault maps discovered:
D:1:      beargit_arrival_greenhouse, layout_loops_cross
D:2:      layout_loops_ring, xom_redecorated
D:4:      gammafunk_cloud_chamber, layout_cave_pods, dancing_weapons_uskayaw,
          temple_statues, serial_shops, nicolae_shop_behind_doors, first_ration,
          chequers_serial_rivers_room_b
D:5:      layout_rooms, zin_treasury, okawaru_gym_becter

Skill      XL: |  1  2  3 |
---------------+----------+-----
Fighting       | 1 2 |  2.4
Short Blades   | 2 |  2.3
Dodging        | |  2.9
Stealth        | |  2.6
Spellcasting   | |  2.5
Hexes          | |  3.2

Action                   |  1- 3 |  4- 6 || total
-------------------------+-------+-------++-------
Melee: Dagger            |    85 |    21 ||   106
  Use: Scroll            |       |     1 ||     1
 Stab: Sleeping          |     4 |     1 ||     5
Armor: Robe              |    16 |     3 ||    19
Dodge: Dodged            |    54 |    16 ||    70
       Deflected         |       |     1 ||     1
